 Dungeon Crawl Stone Soup version 0.21-a0-509-gecc5317 (webtiles) character file.

91 BingusPrime the Insei (level 4, -2/35 HPs)
             Began as a Draconian Transmuter on Nov 30, 2017.
             Was an Initiate of Fedhas.
             Slain by Terence
             ... wielding a +1 hand axe of chopping
              (8 damage)
             ... on level 2 of the Dungeon.
             The game lasted 00:09:21 (1826 turns).

BingusPrime the Insei (Draconian Transmuter)        Turns: 1826, Time: 00:09:23

Health: -2/35      AC:  6    Str: 12    XL:     4   Next: 33%
Magic:  2/8        EV: 12    Int: 13    God:    Fedhas [......]
Gold:   67         SH:  0    Dex: 13    Spells: 2/8 levels left

rFire    . . .     SeeInvis .     - Unarmed
rCold    . . .     Gourm    .   (no shield)
rNeg     . . .     Faith    .   (armour unavailable)
rPois    .         Spirit   .   (helmet restricted)
rElec    .         Reflect  .   (no cloak)
rCorr    .         Harm     .   (no gloves)
MR       .....                  j - +0 pair of boots
Stlth    +.........             (no amulet)
HPRegen  0.11/turn              (no ring)
MPRegen  0.11/turn              (no ring)

@: no status effects
A: unfitting armour, cold-blooded, AC +5
a: Fungal Bloom, Renounce Religion


You were on level 2 of the Dungeon.
You worshipped Fedhas.
Fedhas was noncommittal.
You were hungry.

You visited 1 branch of the dungeon, and saw 3 of its levels.

You collected 67 gold pieces.

Inventory:

Hand Weapons
 e - a +3 quarterstaff of chaos
Missiles
 a - 8 arrows
Armour
 i - a +0 cloak
 j - a +0 pair of boots (worn)
Scrolls
 d - a scroll of random uselessness {unknown}
 f - a scroll of immolation {unknown}
 g - a scroll of identify {unknown}
 h - a scroll of magic mapping {unknown}
 l - a scroll of remove curse {unknown}
Potions
 k - a potion of berserk rage {unknown}
Books
 b - a book of Changes

   Spells                             Type                      Level
   a - Beastly Appendage              Transmutation                1
   b - Sticks to Snakes               Transmutation                2
   c - Spider Form                    Transmutation/Poison         3
   d - Ice Form                       Ice/Transmutation            4
   e - Blade Hands                    Transmutation                5
Comestibles
 c - 2 bread rations


   Skills:
 - Level 1.1 Fighting
 - Level 1.7 Dodging
 + Level 0.6 Stealth
 * Level 4.1 Unarmed Combat
 * Level 2.7 Spellcasting
 * Level 2.7 Transmutations


You had 2 spell levels left.
You knew the following spells:

 Your Spells              Type           Power        Failure   Level  Hunger
a - Beastly Appendage     Tmut           #.....       8%          1    #......
b - Spider Form           Tmut/Pois      #.........   38%         3    ###....
c - Sticks to Snakes      Tmut           #.......     12%         2    ###....


Dungeon Overview and Level Annotations

Branches:
Dungeon (3/15)

Altars:
Ashenzari
Fedhas
Gozag
Okawaru
Vehumet
Xom
The Shining One

Annotations:
D:2 Terence


Innate Abilities, Weirdness & Mutations

Your plain brown scales are hard. (AC +5)
You cannot fit into any form of body armour.
You are cold-blooded and may be slowed by cold attacks.


Message History

Terence drinks a potion.
Terence is healed!
Terence looks more healthy.
You hit Terence but do no damage. Terence misses you.
You hit Terence but do no damage.
Terence is poisoned.
Terence hits you with a hand axe of chopping!
You hit Terence.
Terence looks as sick as possible!
Terence is moderately wounded.
You barely miss Terence.
Terence is moderately wounded.
Terence hits you with a hand axe of chopping.
* * * LOW HITPOINT WARNING * * *
x2 You completely miss Terence.
Terence is severely wounded.
Terence closely misses you.
You barely miss Terence.
Terence is almost dead.
Your transformation has ended.
Your +0 pair of boots unmelds from your body.
Terence hits you with a hand axe of chopping!
You die...
Fedhas appreciates your contribution to the ecosystem.

...##########....####...# ####
#....# #...######### #....#
#...+........ ####### #....#
#....###.#### #...).# #....#
###......## #.....# #....#
#..._...# ####)....# ####.#
##._).._.## .........# #.###
#.........##
.###..##########@..###._..⌠.._..#
...............@................>
...)........<......###......_..##
.###...#####..#..........._....#
..............#..########...##.#
..##.#..#####.#..# ##.###.#
.....##.### #.#..# #.# #.#
..........# #.#..#########.###.#
..#..###..###.#.............)..#


You could see Terence.

Vanquished Creatures
  Crazy Yiuf (D:2)
  3 adders (D:2)
  A worm (D:2)
  A dart slug (D:1)
  A leopard gecko (D:2)
  A ball python (D:1)
  5 goblins
  5 hobgoblins
  A quokka (D:2)
  4 bats
  A frilled lizard (D:1)
  9 kobolds
  5 rats
38 creatures vanquished.

Notes
Turn   | Place    | Note
-------+----------+-------------------------------------------
     0 | D:1      | BingusPrime the Draconian Transmuter began the quest for the Orb.
     0 | D:1      | Reached XP level 1. HP: 16/16 MP: 3/3
   206 | D:1      | Reached XP level 2. HP: 17/23 MP: 3/5
   755 | D:2      | Reached XP level 3. HP: 14/28 MP: 4/6
   976 | D:1      | Learned a level 3 spell: Spider Form
   979 | D:1      | Learned a level 2 spell: Sticks to Snakes
  1017 | D:2      | Found an opulent altar of Gozag.
  1017 | D:2      | Found a blossoming altar of Fedhas.
  1017 | D:2      | Found an iron altar of Okawaru.
  1019 | D:2      | Found a shattered altar of Ashenzari.
  1020 | D:2      | Found a shimmering altar of Xom.
  1020 | D:2      | Found a radiant altar of Vehumet.
  1021 | D:2      | Found a glowing golden altar of the Shining One.
  1043 | D:2      | Became a worshipper of Fedhas Madash
  1569 | D:2      | Found a runed door.
  1574 | D:2      | Noticed Crazy Yiuf
  1583 | D:2      | Killed Crazy Yiuf
  1583 | D:2      | Reached skill level 4 in Unarmed Combat
  1583 | D:2      | Reached XP level 4. HP: 22/35 MP: 2/8
  1736 | D:2      | Noticed Terence
  1826 | D:2      | Slain by Terence

Vault maps used:
D:1:      dpeg_arrival_renting
D:2:      grunt_temple_overflow_open, first_bread, uniq_crazy_yiuf_cottage,
          uniq_terence
D:3:      dk_vineyard_1

Skill      XL: |  1  2  3 |
---------------+----------+-----
Unarmed Combat | 4 |  4.1
Fighting       | |  1.1
Dodging        | |  1.7
Stealth        | |  0.6
Spellcasting   | |  2.7
Transmutations | |  2.7

Action                   |  1- 3 |  4- 6 || total
-------------------------+-------+-------++-------
Melee: Unarmed           |   124 |    11 ||   135
       Kick              |     7 |       ||     7
       Headbutt          |     2 |       ||     2
       Tailslap          |     7 |     1 ||     8
 Cast: Beastly Appendage |    16 |       ||    16
       Spider Form       |     4 |     1 ||     5
       Sticks to Snakes  |     1 |     3 ||     4
  Use: Potion            |       |     2 ||     2
 Stab: Sleeping          |     1 |       ||     1
  Eat: Chunk             |     3 |     1 ||     4
Armor: Skin              |    32 |     6 ||    38
Dodge: Dodged            |    73 |    22 ||    95

Table legend:
 A = Spawn XP
 B = Non-spawn XP
 C = Spawn XP percentage of total XP
 D = Spawn monster count
 E = Non-spawn monster count
 F = Spawn count percentage of total count
 G = Total turns spent on level
                    A         B        C        D         E        F      G
               +---------+---------+-------+---------+---------+-------+---------
         Total |       0 |     130 |   0.0 |       0 |      38 |   0.0 |  1826
               +---------+---------+-------+---------+---------+-------+---------
           D:1 |       0 |      32 |   0.0 |       0 |      21 |   0.0 |   966
           D:2 |       0 |      98 |   0.0 |       0 |      17 |   0.0 |   858
               +---------+---------+-------+---------+---------+-------+---------
